 Dungeon Crawl Stone Soup version 0.30-a0-964-gd452b5e7fa (webtiles) character file.

Game seed: 4405383793067422508

72557 Newt the Basher (level 15, -5/115 HPs)
             Began as a Demonspawn Gladiator on Mar 30, 2023.
             Was a High Priest of Okawaru.
             Slain by a skyshark (23 damage)
             ... on level 1 of the Shoals.
             The game lasted 00:38:40 (24799 turns).

Newt the Basher (Demonspawn Gladiator)             Turns: 24799, Time: 00:38:41

Health: -5/115     AC: 12    Str: 25    XL:     15   Next: 1%
Magic:  21/21      EV: 17    Int: 10    God:    Okawaru [*****.]
Gold:   1785       SH:  4    Dex:  7    Spells: 20/22 levels left

rFire   + + .      SeeInvis .    C - +8 hammer of Mandamus {drain, Str+3 Stlth+}
rCold   x . .      Faith    .    J - orb {light}
rNeg    + + +      Spirit   .    K - +2 troll leather armour
rPois   .          Reflect  .    c - +1 helmet
rElec   +          Rampage  .    u - +0 cloak
rCorr   +                        e - +0 pair of gloves
Will    +++..                    (boots unavailable)
Stlth   +                        h - amulet "Fintidou" {Acrobat rF+ rN+ Will++ Dex-5}
HPRegen 1.19/turn                I - ring of the Mantidfly {Fire rElec rN++ rCorr Dex-2}
MPRegen 0.17/turn                a - +5 ring of evasion

@: glowing, very slow
A: hooves 3, powered by death 2, condensation shield, wild magic 1, MP-powered
wands
a: Renounce Religion, Heroism, Finesse, Duel


You were on level 1 of the Shoals.
You worshipped Okawaru.
Okawaru was extremely pleased with you.
You visited 5 branches of the dungeon, and saw 23 of its levels.
You also visited: Gauntlet.

You collected 2221 gold pieces.
You spent 436 gold pieces at shops.

Inventory:

Hand Weapons
 C - the +8 hammer of Mandamus (weapon) {drain, Str+3 Stlth+}
   (You found it on level 6 of the Dungeon)

   Str:       It affects your strength (+3).
   Stlth:     It makes you more stealthy.
 H - a +0 flail of venom
Missiles
 f - 300 stones
 k - 4 atropa-tipped darts
 n - 17 javelins
 p - 7 curare-tipped darts
 r - 45 poisoned darts
 O - 4 silver javelins
 Y - 10 boomerangs (quivered)
Armour
 c - a +1 helmet (worn)
 e - a +0 pair of gloves (worn)
 i - a +1 buckler of poison resistance
 u - a +0 cloak (worn)
 J - an orb of light (worn)
 K - a +2 troll leather armour (worn)
 R - a +1 chain mail of fire resistance
 S - a +2 ring mail of willpower
Jewellery
 a - a +5 ring of evasion (right hand)
 b - a ring of protection from fire
 h - the amulet "Fintidou" (around neck) {Acrobat rF+ rN+ Will++ Dex-5}
   (You found it in a Gauntlet)

   [amulet of the acrobat]

   It increases your evasion while moving and waiting.
   Dex:       It affects your dexterity (-5).
   rF:        It protects you from fire.
   rN:        It protects you from negative energy.
   Will:      It greatly increases your willpower.
 j - an amulet of guardian spirit
 s - a ring of willpower
 z - a ring of see invisible
 I - the ring of the Mantidfly (left hand) {Fire rElec rN++ rCorr Dex-2}
   (You found it on level 5 of the Lair of Beasts)

   [ring of fire]

   It enhances your fire magic.
   Dex:       It affects your dexterity (-2).
   rF:        It protects you from fire.
   rC:        It makes you vulnerable to cold.
   rElec:     It insulates you from electricity.
   rN:        It greatly protects you from negative energy.
   rCorr:     It protects you from acid and corrosion.
 Q - a ring of poison resistance
Wands
 d - a wand of quicksilver (9)
 q - a wand of iceblast (8)
 D - a wand of polymorph (16)
 P - a wand of flame (10)
 V - a wand of digging (14)
Scrolls
 o - 5 scrolls of teleportation
 v - 2 scrolls of amnesia
 y - a scroll of brand weapon
 A - a scroll of fear
 E - 6 scrolls of enchant weapon
 L - 2 scrolls of silence
 M - 7 scrolls of identify
Potions
 g - 3 potions of brilliance
 l - 3 potions of cancellation
 m - 5 potions of curing
 t - a potion of lignification
 w - a potion of attraction
 x - a potion of resistance
 B - a potion of invisibility
 F - a potion of haste
 G - 3 potions of flight
 N - a potion of heal wounds
 T - 3 potions of berserk rage
 U - 3 potions of ambrosia
 W - 2 potions of mutation
Miscellaneous
 X - a phial of floods


   Skills:
 - Level 10.0 Fighting
 - Level 2.6 Short Blades
 - Level 6.0(10.5) Axes
 - Level 13.4(14.0) Maces & Flails
 - Level 12.0 Throwing
 - Level 8.0 Armour
 - Level 5.4 Dodging
 - Level 1.5 Stealth
 + Level 4.0 Spellcasting
 + Level 4.0 Transmutations
 - Level 9.0 Invocations
 - Level 6.0 Evocations


You had 20 spell levels left.
You knew the following spells:

 Your Spells              Type           Power      Damage    Failure   Level
a - Wereblood             Tmut           13%        N/A       13%         2

Your spell library contained the following spells:

 Spells                   Type           Power      Damage    Failure   Level
 Beastly Appendage        Tmut           26%        N/A       9%          1
 Passwall                 Tmut/Erth      5%         N/A       26%         2
 Sandblast                Erth           4%         2d4       36%         1
 Slow                     Hex            8%         N/A       36%         1
 Spider Form              Tmut/Pois      7%         N/A       45%         3
 Ignite Poison            Fire/Tmut/Pois 9%         N/A       52%         3
 Hailstorm                Conj/Ice       2%         3d3       71%         3
 Portal Projectile        Hex/Tloc       4%         N/A       71%         3
 Stone Arrow              Conj/Erth      4%         3d7       71%         3
 Ice Form                 Ice/Tmut       7%         N/A       83%         4
 Blade Hands              Tmut           6%         N/A       88%         5
 Leda's Liquefaction      Hex/Erth       1%         N/A       97%         4
 Sticky Flame             Conj/Fire      3%         2d3       97%         4
 Irradiate                Conj/Tmut      3%         3d12      99%         5
 Silence                  Hex/Air        1%         N/A       100%        5
 Dragon Form              Tmut           6%         N/A       100%        7
 Ignition                 Fire           1%         3d3       100%        8
 Call Canine Familiar     Summ           Unusable   N/A       N/A         3
 Death Channel            Necr           Unusable   N/A       N/A         6
 Simulacrum               Ice/Necr       Unusable   N/A       N/A         6
 Infestation              Necr           Unusable   N/A       N/A         8

Dungeon Overview and Level Annotations

Branches:
Dungeon (14/15)            Temple (1/1) D:7            Lair (5/5) D:9
 Shoals (1/4) Lair:3       Spider (0/4) Lair:2        Slime (0/5) Lair:5
    Orc (2/2) D:9             Elf (0/3) Orc:2        Vaults (0/5) D:14
Gauntlet (visited)

Altars:
Ashenzari
Cheibriados
Dithmenos
Fedhas
Gozag
Hepliaklqana
Kikubaaqudgha
Makhleb
Nemelex Xobeh
Okawaru
Qazlal
Ru
Sif Muna
Trog
Uskayaw
Vehumet
Wu Jian
Xom
Yredelemnul

Shops:
D:11 *   Orc:2 =:!:

Annotations:
D:4 exclusion: statue


Innate Abilities, Weirdness & Mutations

You have hooves in place of feet.
You regenerate health from kills.
A meltable shield of frost defends you. (SH +4)
Your spells are a little harder to cast, but a little more powerful.
You expend magic power (3 MP) to strengthen your wands.


Message History

Your unstable footing causes you to fumble your attack.
The merfolk misses you. The merfolk hits you with a +0 trident.
You are too injured to fight recklessly!
The merfolk attacks as you move away! The merfolk hits you with a +0 trident!
The merfolk hits you from afar with a +0 trident!
You block the merfolk's attack.
Splash!
You fall into the shallow water.
Moving in this stuff is going to be slow.
You block the merfolk's attack.
The merfolk hits you but does no damage.
The skyshark bites you.
The skyshark tastes blood and grows stronger!
The skyshark tail-slaps you.
* * * LOW HITPOINT WARNING * * *
The skyshark completely misses you.
The merfolk throws a boomerang.
The boomerang completely misses you.
The merfolk throws a boomerang.
The boomerang barely misses you.
Unknown command.
The skyshark attacks as you move away! The skyshark barely misses you.
The skyshark closely misses you. The skyshark completely misses you.
You enter the shallow water.
Moving in this stuff is going to be slow.
The merfolk throws a boomerang.
You block the boomerang. The skyshark bites you!
* * * LOW HITPOINT WARNING * * *
The skyshark enters a blood-rage!
The skyshark completely misses you. The skyshark tail-slaps you.
* * * LOW HITPOINT WARNING * * *
You feel much better.
The merfolk throws a boomerang.
The boomerang misses you. The skyshark bites you!!
* * * LOW HITPOINT WARNING * * *
The skyshark misses you. The skyshark tail-slaps you.
* * * LOW HITPOINT WARNING * * *
The merfolk throws a boomerang.
The boomerang completely misses you.
Aiming: Duel (24% risk of failure)
Press: ? - help, Dir - move target, f - merfolk
Aim: a merfolk, wielding a +0 trident and quivering boomerangs (moderately wounded, haloed)
You fail to use your ability.
The skyshark bites you!!
You die...

~..~~~..~P~~~~~~~~≈≈≈≈≈
~~~~~~~~~~~~.~~~~~~≈≈≈≈
~~~~~≈≈≈≈~~~~....~~~≈≈≈≈
~~~~~≈≈≈≈~~~..#..~~~~≈≈≈
~~~~≈≈≈≈~~~.###.~~~~≈≈≈
~~~≈≈≈≈≈~~~.###.~~~~≈≈≈
~~~≈≈≈≈≈~~~~..~~~~~≈≈≈≈
~~~~~≈≈≈~~~~~..~~~~≈≈≈≈
.~~~~~≈~~~~@..~)~~≈≈≈≈≈
..~~~≈≈~m~.l..~~≈≈≈≈~~~
..~~~≈≈~~~.#.~~~≈≈≈≈~~~
~~~~~~≈~~~###~~~≈≈≈≈~~~
~~~~~~~~~m~~~~~~≈≈~~~≈≈
~~~~~~~~~~~~~~~~~≈≈~~~~
~~≈≈≈~~~~~~~~~~~~≈≈~~..
~≈≈≈≈~~~≈~~~≈≈≈~~~≈~..
~≈≈≈≈~~≈≈~~~~≈≈~~~≈~~


You could see a skyshark (berserk) and 2 merfolk.

Vanquished Creatures
  Rupert (Lair:4)
  Kirke (D:14)
  A minotaur (Gauntlet)
  Azrael (Orc:1)
  An ettin (Orc:1)
  The ghost of mistaj the Fighter, a journeyman VSFi of Gozag (Lair:1)
  Snorg (D:14)
  Josephine (Orc:2)
  A hydra (Lair:2)
  An ice dragon (D:14)
  4 catoblepae
  2 two-headed ogres
  3 boulder beetles
  3 centaur warriors
  A death scarab (Gauntlet)
  12 death yaks
  2 tengu warriors (D:14)
  4 orc high priests
  Sonja (Lair:1)
  A skyshark (Lair:5)
  A death drake (Gauntlet)
  A spectral hydra (Gauntlet)
  4 orc knights (Orc:2)
  2 deep elf pyromancers
  A necromancer (D:14)
  3 ugly things
  7 cyclopes
  4 orc sorcerers
  5 manticores
  A centaur zombie (Gauntlet)
  3 elephants (Lair:5)
  Joseph (D:7)
  A merfolk siren (Lair:3)
  A torpor snail (Lair:3)
  4 black mambas
  8 cane toads
  A gargoyle (D:10)
  2 minotaur zombies (Gauntlet)
  2 unseen horrors (D:12)
  A kobold demonologist (D:10)
  6 komodo dragons
  An efreet (D:13)
  A polar bear (Lair:3)
  10 trolls
  3 merfolk (Lair:3)
  A harpy zombie (Gauntlet)
  Prince Ribbit (Lair:3)
  6 dream sheep (Lair:4)
  11 blink frogs
  A spriggan (shapeshifter) (D:14)
  2 slime creatures (Gauntlet)
  6 wraiths
  2 wyverns
  2 vampires
  32 yaks
  A yak (shapeshifter) (D:14)
  4 hogs (D:14)
  A hog (shapeshifter) (D:13)
  2 basilisks
  3 humans (D:14)
  4 vampire mosquitoes (D:12)
  A fire elemental (Orc:1)
  A steam dragon (D:7)
  2 wargs (Orc:1)
  An acid dragon (D:10)
  13 water moccasins
  Duvessa (D:6)
  4 hell hounds
  A meliai simulacrum (D:14)
  22 orc warriors
  A spectral hornet (Gauntlet)
  2 ice beasts (D:6)
  A black bear (shapeshifter) (D:12)
  6 ogres
  6 centaurs
  2 phantoms
  14 wolves
  6 kobold brigands
  6 bullfrogs
  A scorpion (D:7)
  A gnoll sergeant (D:9)
  4 wights (D:7)
  Dowan (D:6)
  9 killer bees
  8 howler monkeys
  An electric eel (D:13)
  3 jellies
  4 hounds
  22 orc priests
  Crazy Yiuf (D:6)
  4 sleepcaps
  3 iguanas
  22 orc wizards
  2 hell rats (Lair:5)
  13 gnolls
  5 adders
  10 river rats (Lair:5)
  3 worms
  3 dart slugs
  81 orcs
  8 bats
  3 endoplasms
  2 giant cockroaches
  4 goblins
  12 hobgoblins
  2 jackals (D:1)
  64 kobolds
  2 quokkas
  3 ball pythons
  5 frilled lizards
  6 rats
598 creatures vanquished.

Vanquished Creatures (others)
  A tengu conjurer (D:14)
  A kobold (D:10)
  2 demonic plants (Gauntlet)
  19 fungi
  33 plants
56 creatures vanquished.

Grand Total: 654 creatures vanquished

Notes
Turn   | Place    | Note
-------+----------+-------------------------------------------
     0 | D:1      | Newt the Demonspawn Gladiator began the quest for the Orb.
     0 | D:1      | Reached XP level 1. HP: 16/16 MP: 1/1
   184 | D:1      | Reached skill level 1 in Stealth
   240 | D:1      | Gained mutation: You have large cloven feet. [demonic
                  | ancestry]
   240 | D:1      | Reached XP level 2. HP: 22/22 MP: 2/2
  1027 | D:2      | Gained mutation: A meltable shield of frost defends you.
                  | (SH +4) [demonic ancestry]
  1027 | D:2      | Reached XP level 3. HP: 21/29 MP: 3/3
  1343 | D:2      | Reached XP level 4. HP: 21/37 MP: 2/4
  2000 | D:3      | Reached skill level 1 in Axes
  2002 | D:3      | Found a sacrificial altar of Ru.
  2586 | D:4      | Gained mutation: You regenerate a little health from kills.
                  | [demonic ancestry]
  2586 | D:4      | Reached XP level 5. HP: 42/42 MP: 5/5
  2701 | D:4      | Found a radiant altar of Vehumet.
  2701 | D:4      | Noticed a frost-covered statue
  3053 | D:4      | Gained mutation: You have hoof-like feet. [demonic
                  | ancestry]
  3053 | D:4      | Reached XP level 6. HP: 48/48 MP: 6/6
  3076 | D:4      | Found a shadowy altar of Dithmenos.
  3342 | D:4      | Reached skill level 5 in Axes
  3741 | D:4      | Reached XP level 7. HP: 54/54 MP: 5/7
  4493 | D:5      | Entered Level 5 of the Dungeon
  4500 | D:5      | Reached skill level 1 in Armour
  4685 | D:5      | You fall into a shaft and drop 2 floors!
  4719 | D:7      | Noticed a steam dragon
  4724 | D:7      | Killed a steam dragon
  4768 | D:7      | Reached XP level 8. HP: 26/60 MP: 5/8
  5021 | D:6      | Reached skill level 5 in Armour
  5146 | D:5      | Identified the +1 short sword of the Crafting Gods {heavy,
                  | rPois Int-5 Dex+6 Stlth+}
  5415 | D:5      | Found an ornate altar of the Wu Jian Council.
  5920 | D:6      | Reached skill level 5 in Throwing
  5996 | D:6      | Found a runed translucent door.
  5997 | D:6      | Noticed Crazy Yiuf
  6026 | D:6      | Noticed Dowan
  6029 | D:6      | Noticed Duvessa
  6047 | D:6      | Killed Duvessa
  6048 | D:6      | Reached skill level 5 in Fighting
  6051 | D:6      | Killed Dowan
  6284 | D:6      | Reached XP level 9. HP: 27/69 MP: 4/9
  6666 | D:6      | Killed Crazy Yiuf
  6670 | D:6      | Identified the +8 hammer of Mandamus {drain, Str+3 Stlth+}
  6770 | D:7      | Noticed Joseph
  6790 | D:7      | Killed Joseph
  6791 | D:7      | Reached skill level 3 in Maces & Flails
  7004 | D:7      | Reached skill level 4 in Maces & Flails
  7221 | D:7      | Found a staircase to the Ecumenical Temple.
  7282 | D:7      | Reached skill level 5 in Maces & Flails
  7326 | Temple   | Entered the Ecumenical Temple
  7452 | Temple   | Became a worshipper of Warmaster Okawaru
  7668 | D:7      | Reached skill level 6 in Maces & Flails
  8098 | D:8      | Reached skill level 7 in Maces & Flails
  8131 | D:8      | Reached * piety under Okawaru
  8345 | D:8      | Reached XP level 10. HP: 64/76 MP: 7/10
  8372 | D:8      | Found a blossoming altar of Fedhas.
  8971 | D:9      | Reached skill level 8 in Maces & Flails
  8992 | D:9      | Got Gafitamn's Quarto of the Macabre Whammy
  9004 | D:9      | Found a staircase to the Orcish Mines.
  9386 | D:9      | Reached ** piety under Okawaru
  9416 | D:9      | Reached skill level 9 in Maces & Flails
  9517 | D:9      | Noticed a two-headed ogre
  9525 | D:9      | Killed a two-headed ogre
  9555 | D:9      | Reached *** piety under Okawaru
  9826 | D:9      | Found a staircase to the Lair.
 10094 | D:10     | Entered Level 10 of the Dungeon
 10106 | D:10     | Noticed a gargoyle
 10107 | D:10     | Reached skill level 1 in Invocations
 10121 | D:10     | Killed a gargoyle
 10121 | D:10     | Reached **** piety under Okawaru
 10122 | D:10     | Gained mutation: You have hooves in place of feet. [demonic
                  | ancestry]
 10122 | D:10     | Reached XP level 11. HP: 69/81 MP: 5/13
 10202 | D:10     | Identified the staff of cold "Qosmagef" {Fly rC+ rN++
                  | Int+4}
 10436 | D:10     | Found a shimmering altar of Xom.
 10438 | D:10     | Found a sparkling altar of Nemelex Xobeh.
 10442 | D:10     | Found a shimmering blue altar of Sif Muna.
 10493 | D:10     | Reached skill level 5 in Invocations
 11154 | D:11     | Reached skill level 1 in Evocations
 11154 | D:11     | Found Neshik's General Store.
 11161 | D:11     | Bought a potion of mutation for 88 gold pieces
 11245 | D:11     | Noticed a boulder beetle
 11279 | D:11     | Killed a boulder beetle
 11495 | D:12     | Reached ***** piety under Okawaru
 11495 | D:12     | Received a gift from Okawaru
 11496 | D:12     | Reached skill level 5 in Evocations
 12136 | D:12     | Noticed a white ugly thing
 12144 | D:12     | Killed a white ugly thing
 12198 | D:12     | Noticed a boulder beetle
 12215 | D:12     | Killed a boulder beetle
 12215 | D:12     | Received a gift from Okawaru
 12624 | D:12     | Noticed a two-headed ogre
 12629 | D:12     | Killed a two-headed ogre
 12782 | D:13     | Noticed a cyan ugly thing
 12796 | D:12     | Killed a cyan ugly thing
 13037 | D:12     | Received a gift from Okawaru
 13262 | D:13     | Gained mutation: You regenerate health from kills. [demonic
                  | ancestry]
 13262 | D:13     | Reached XP level 12. HP: 88/88 MP: 16/16
 13637 | D:13     | Received a gift from Okawaru
 13701 | D:13     | Found a bloodstained altar of Trog.
 13850 | D:13     | Found a burning altar of Makhleb.
 14048 | Lair:1   | Entered Level 1 of the Lair of Beasts
 14052 | Lair:1   | Received a gift from Okawaru
 14118 | Lair:1   | Found a runed translucent door.
 14269 | Lair:1   | Noticed Sonja
 14273 | Lair:1   | Killed Sonja
 14579 | Lair:1   | Noticed mistaj's ghost (journeyman VSFi)
 14964 | Lair:1   | Killed mistaj's ghost
 14964 | Lair:1   | Received a gift from Okawaru
 14974 | Lair:1   | Identified the +5 dagger of the Priest {protect, Dex+4}
 14980 | Lair:1   | Gained mutation: Your body sometimes deteriorates upon
                  | taking damage. [potion of mutation]
 14980 | Lair:1   | Gained mutation: You have supernaturally acute eyesight.
                  | (SInv) [potion of mutation]
 14980 | Lair:1   | Gained mutation: You possess an exceptional clarity of
                  | mind. [potion of mutation]
 14981 | Lair:1   | Lost mutation: You have supernaturally acute eyesight.
                  | (SInv) [potion of mutation]
 14981 | Lair:1   | Lost mutation: Your body sometimes deteriorates upon taking
                  | damage. [potion of mutation]
 14981 | Lair:1   | Lost mutation: You possess an exceptional clarity of mind.
                  | [potion of mutation]
 14981 | Lair:1   | Gained mutation: You expend magic power (3 MP) to
                  | strengthen your wands. [potion of mutation]
 14981 | Lair:1   | Gained mutation: Your spells are a little harder to cast,
                  | but a little more powerful. [potion of mutation]
 15109 | Lair:2   | Noticed an eight-headed hydra
 15117 | Lair:2   | Killed an eight-headed hydra
 15118 | Lair:2   | Reached skill level 10 in Fighting
 15408 | Lair:2   | Reached skill level 10 in Maces & Flails
 15457 | Lair:2   | Noticed a catoblepas
 15471 | Lair:2   | Killed a catoblepas
 15666 | Lair:2   | Found a hole to the Spider Nest.
 15672 | Lair:2   | Received a gift from Okawaru
 16040 | Lair:3   | Noticed a death yak
 16053 | Lair:3   | Killed a death yak
 16067 | Lair:3   | Reached skill level 11 in Maces & Flails
 16078 | Lair:3   | Found a gate leading to a gauntlet.
 16090 | Gauntlet | Entered a Gauntlet
 16090 | Gauntlet | Found a transporter.
 16131 | Gauntlet | Found a transporter.
 16146 | Gauntlet | Found a transporter.
 16151 | Gauntlet | Found a transporter.
 16166 | Gauntlet | Found a transporter.
 16185 | Gauntlet | Found a transporter.
 16200 | Gauntlet | Found a transporter.
 16209 | Gauntlet | Found a transporter.
 16221 | Gauntlet | Found a transporter.
 16222 | Gauntlet | Noticed a ghost crab
 16233 | Gauntlet | Found a transporter.
 16250 | Gauntlet | Found a transporter.
 16250 | Gauntlet | Found a transporter.
 16270 | Gauntlet | Found a transporter.
 16290 | Gauntlet | Found a transporter.
 16312 | Gauntlet | Found a transporter.
 16389 | Gauntlet | Found a transporter.
 16400 | Gauntlet | Noticed a death scarab
 16416 | Gauntlet | Found a transporter.
 16561 | Gauntlet | Found a transporter.
 16612 | Gauntlet | Reached XP level 13. HP: 59/101 MP: 5/17
 16864 | Gauntlet | Identified the amulet "Fintidou" {Acrobat rF+ rN+ Will++
                  | Dex-5}
 16894 | Gauntlet | Noticed a minotaur
 16901 | Gauntlet | Killed a minotaur
 16902 | Gauntlet | Reached skill level 12 in Maces & Flails
 16932 | Gauntlet | Identified the staff of cold "Saih" {+Blink rC+ Will+ Dex-3
                  | SInv}
 17185 | Lair:3   | Noticed Prince Ribbit
 17197 | Lair:3   | Killed Prince Ribbit
 17301 | Lair:3   | Received a gift from Okawaru
 17423 | Lair:3   | Found a staircase to the Shoals.
 17917 | Lair:4   | Received a gift from Okawaru
 17924 | Lair:4   | Reached skill level 13 in Maces & Flails
 18012 | Lair:4   | Noticed Rupert
 18037 | Lair:4   | Killed Rupert
 19105 | Lair:5   | Entered Level 5 of the Lair of Beasts
 19279 | Lair:5   | Identified the ring of the Mantidfly {Fire rElec rN++ rCorr
                  | Dex-2}
 19347 | Lair:5   | Reached skill level 10 in Throwing
 19384 | Lair:5   | Found a staircase to the Slime Pits.
 19459 | Lair:5   | Received a gift from Okawaru
 19724 | Lair:5   | Received a gift from Okawaru
 19725 | Lair:5   | Reached XP level 14. HP: 110/110 MP: 18/18
 20546 | Orc:1    | Entered Level 1 of the Orcish Mines
 20623 | Orc:2    | Entered Level 2 of the Orcish Mines
 20755 | Orc:2    | Noticed Azrael
 21076 | Orc:1    | Killed Azrael
 21396 | Orc:1    | Received a gift from Okawaru
 21458 | Orc:2    | Found a staircase to the Elven Halls.
 21479 | Orc:2    | Noticed Josephine
 21491 | Orc:2    | Killed Josephine
 21799 | Orc:2    | Received a gift from Okawaru
 22741 | Orc:2    | Reached skill level 5 in Dodging
 22778 | Orc:2    | Found Jintaty's Book Shop.
 22778 | Orc:2    | Found Biroch's Distillery.
 22780 | Orc:2    | Found Boupitat's Book Shop.
 22780 | Orc:2    | Found Pankogis's Jewellery Emporium.
 22786 | Orc:2    | Bought a book of Changes for 198 gold pieces
 22792 | Orc:2    | Bought a potion of heal wounds for 75 gold pieces
 22792 | Orc:2    | Bought a potion of heal wounds for 75 gold pieces
 22811 | Orc:2    | Learned a level 2 spell: Wereblood
 22853 | Orc:1    | Noticed an orc warlord
 22949 | Orc:1    | Received a gift from Okawaru
 23314 | Orc:1    | Reached skill level 1 in Transmutations
 23317 | Orc:1    | Reached skill level 1 in Spellcasting
 23597 | D:14     | Noticed Snorg
 23610 | D:14     | Killed Snorg
 23770 | D:14     | Noticed Kirke
 23780 | D:14     | Killed Kirke
 24053 | D:14     | Received a gift from Okawaru
 24410 | D:14     | Found a gate to the Vaults.
 24415 | D:14     | Received a gift from Okawaru
 24670 | Shoals:1 | Entered Level 1 of the Shoals
 24701 | Shoals:1 | Reached XP level 15. HP: 73/115 MP: 21/21
 24799 | Shoals:1 | Slain by a skyshark

Illustrated notes

Levels and vault maps discovered:
D:1:      arrival_zaba_pyramid, layout_loops_ring
D:2:      layout_basic, minmay_pentomino_x4
D:3:      layout_loops_ring, nicolae_ru_awakened_eye, minmay_misc_feat_chi,
          kennysheep_cross_bottleneck, st_stairs_9, kennysheep_cross_room
D:4:      minmay_goblin_kobold_castle, layout_loops_ring,
          grunt_dithmenos_smoke_and_mirrors, vehumet_statue
D:5:      nicolae_BIG_FREAKIN_CUBE, layout_loops_ring,
          nicolae_wu_jian_immortal_techniques, kennysheep_generic_room_4
D:6:      layout_basic, nicolae_figureground_pulse, uniq_duvessa,
          uniq_crazy_yiuf_cottage
D:7:      layout_basic, temple_doors_e, uniq_joseph
D:8:      hellmonk_ruined_rings, layout_basic, fedhas_bush_and_centaur_altar
D:9:      layout_loops_ring, lair_entry_dummy, hiddenorc2_lemuel
D:10:     layout_irregular_city, grunt_temple_overflow_open,
          nicolae_two_hexagons
D:11:     layout_roguey, serial_shops, kennysheep_mini
D:12:     layout_loops_corners, drop_trap
D:13:     layout_long_grid, kennysheep_diamond, trog_hazing_becter
D:14:     layout_loops_cross, david_vaults_4, kennysheep_generic_room_6,
          uniq_kirke, uniq_snorg
Temple:   jpeg_temple_clearing
Lair:1:   layout_hall_layers, ebering_ghost_reflecting_pool,
          chequers_serial_rivers_micro_b, uniq_sonja
Lair:2:   layout_loops_ring, spider_nest_entry_web_field,
          chequers_serial_rivers_room_a
Lair:3:   layout_hall_layers, elwin_shoals_entry_stream, gauntlet_entry_generic,
          grunt_megastairs_5, uniq_prince_ribbit2
Lair:4:   layout_regular_city, infiniplex_staircase_pool_2, grunt_megastairs_3,
          uniq_rupert
Lair:5:   evilmike_catoblepas_cave, layout_loops_ring,
          dpeg_slime_entry_enclosed, fungi_pond_lemuel, kennysheep_rathole
Shoals:1: layout_shoals, nicolae_shoals_spring_well_temple
Orc:1:    layout_diamond_mine
Orc:2:    grunt_orc_tribal_feast, layout_caves, uniq_azrael, uniq_josephine

Skill      XL: |  1  2  3  4  5  6  7  8  9 10 11 12 13 14 |
---------------+-------------------------------------------+-----
Stealth        | 1 |  1.5
Fighting       | 3 4 5 6 10 | 10.0
Axes           | 2 4 5 6 |  6.0
Armour         | 4 5 8 |  8.0
Throwing       | 5 8 10 12 | 12.0
Maces & Flails | 7 9 11 13 | 13.4
Invocations    | 3 6 9 |  9.0
Evocations     | 6 |  6.0
Dodging        | 5 |  5.4
Transmutations | 4 |  4.0
Spellcasting   | 4 |  4.0
Short Blades   | |  2.6

Action                     |  1- 3 |  4- 6 |  7- 9 | 10-12 | 13-15 || total
---------------------------+-------+-------+-------+-------+-------++-------
  Melee: Rapier            |    37 |       |       |       |       ||    37
         Hand axe          |    50 |   135 |   154 |       |       ||   339
         Kick              |    19 |    26 |    91 |   249 |   378 ||   763
         Punch             |       |     2 |     5 |       |       ||     7
         Mace              |       |       |   166 |   574 |   865 ||  1605
  Throw: Javelin           |       |     1 |     1 |       |    10 ||    12
         Throwing net      |       |     1 |     6 |     3 |     2 ||    12
         Boomerang         |       |       |       |     7 |       ||     7
         Dart              |       |       |       |    12 |    40 ||    52
         Stone             |       |       |       |     2 |       ||     2
 Invoke: Heroism           |       |       |       |     4 |     9 ||    13
         Finesse           |       |       |       |       |     5 ||     5
  Evoke: Wand              |       |       |       |     5 |     3 ||     8
    Use: Scroll            |     5 |     6 |     7 |     9 |     7 ||    34
         Potion            |       |       |     5 |     5 |     8 ||    18
   Stab: Sleeping          |     2 |     4 |     2 |     1 |       ||     9
         Held in net/web   |       |       |     1 |     5 |       ||     6
 Armour: Leather armour    |    25 |    28 |    96 |    47 |       ||   196
         Troll leather arm |       |       |       |   124 |   177 ||   301
  Dodge: Dodged            |    57 |    79 |   182 |   413 |   636 ||  1367
  Block: Other             |     6 |    21 |    48 |     5 |       ||    80
         Orb               |       |       |       |    92 |   116 ||   208

Table legend: (Time is in decaauts)
 A = Elapsed time spent in this place.
 B = Non-inter-level travel time spent in this place.
 C = Inter-level travel time spent in this place.
 D = Time resting spent in this place.
 E = Time spent auto-exploring this place.
 F = Levels seen in this place.
 G = Mean time per level.
                   A        B        C        D        E       F      G
               +--------+--------+--------+--------+--------+-----+--------+
         Total |  24593 |  23274 |   1319 |   5541 |  13845 |  24 | 1024.7 |
       Dungeon |  15616 |  14680 |    936 |   3075 |   9413 |  14 | 1115.4 |
        Temple |    144 |    126 |     18 |      0 |    108 |   1 |  144.0 |
          Lair |   5371 |   5096 |    275 |    822 |   3417 |   5 | 1074.2 |
        Shoals |    130 |    130 |      0 |     77 |     26 |   1 |  130.0 |
  Orcish Mines |   2298 |   2210 |     88 |   1120 |    546 |   2 | 1149.0 |
      Gauntlet |   1032 |   1032 |      0 |    447 |    333 |   1 | 1032.0 |
               +--------+--------+--------+--------+--------+-----+--------+

Top non-repeatable levels by time:
     D:4: 1994 daAuts
     D:9: 1741 daAuts
    D:12: 1662 daAuts
     D:7: 1375 daAuts
  Lair:5: 1303 daAuts
   Orc:1: 1210 daAuts
  Lair:4: 1196 daAuts
   Orc:2: 1088 daAuts
     D:6: 1042 daAuts
Gauntlet: 1032 daAuts
  Lair:2: 994 daAuts
  Lair:1: 989 daAuts
     D:8: 984 daAuts
    D:13: 981 daAuts
     D:5: 932 daAuts
